 Dungeon Crawl Stone Soup version 0.32-a0-975-g85d4e5bfdb (webtiles) character file.

Game seed: 12619565119586953219

4347 funkygono the Arsonist (level 10, -3/52 HPs)
             Began as a Gargoyle Fire Elementalist on Apr 18, 2024.
             Was a Believer of Vehumet.
             Slain by a boulder beetle (5 damage)
             ... on level 8 of the Dungeon.
             The game lasted 00:16:39 (8734 turns).

funkygono the Arsonist (Gargoyle Fire Elementalist) Turns: 8734, Time: 00:16:39

Health: -3/52      AC: 12    Str: 11    XL:     10   Next: 34%
Magic:  27/31      EV: 11    Int: 21    God:    Vehumet [**....]
Gold:   332        SH:  5    Dex: 10    Spells: 16/25 levels left

rFire   + . .        v - +0 mace (venom)
rCold   x . .        (no shield)
rNeg    + . .        a - +0 robe
rPois   ∞            (no helmet)
rElec   +            (no cloak)
rCorr   .            f - +2 pair of gloves
SInv    .            (no boots)
Will    .....        s - amulet of reflection
Stlth   ++           q - ring of fire
HPRegen 0.28/turn    w - ring of magical power
MPRegen 0.22/turn

%: reflection
@: invisible
A: sickness immunity, AC +7, negative energy resistance 1, electricity
resistance, torment resistance 1, petrification resistance
a: Renounce Religion


You were on level 8 of the Dungeon.
You worshipped Vehumet.
Vehumet was pleased with you.
You visited 2 branches of the dungeon, and saw 9 of its levels.

You collected 556 gold pieces.
You spent 224 gold pieces at shops.

Inventory:

Hand Weapons
 j - a +0 whip
 v - a +0 mace of venom (weapon)
 E - a +0 demon whip of venom
Armour
 a - a +0 robe (worn)
 f - a +2 pair of gloves (worn)
Magical Staves
 A - a staff of fire
Jewellery
 n - a ring of protection from cold
 q - a ring of fire (left hand)
 s - an amulet of reflection (around neck)
 w - a ring of magical power (right hand)
 z - the ring "Pesiabus" {rElec rPois rC+ rN+++ Dex-2}
   (You found it on level 7 of the Dungeon)

   [ring of protection from cold]

   Dex-2:     It affects your dexterity (-2).
   rC+:       It protects you from cold.
   rElec:     It insulates you from electricity.
   rPois:     It protects you from poison.
   rN+++:     It renders you almost immune to negative energy.
Wands
 d - a wand of charming (6)
 l - a wand of warping (8)
 y - a wand of flame (1)
 D - a wand of polymorph (8)
Scrolls
 e - 2 scrolls of enchant weapon {unknown}
 h - 2 scrolls of enchant armour {unknown}
 i - a scroll of summoning {unknown}
 m - 3 scrolls of teleportation {unknown}
 o - 3 scrolls of fog {unknown}
 p - 2 scrolls of fear {unknown}
 r - 2 scrolls of noise {unknown}
 t - a scroll of blinking {unknown}
 C - a scroll of immolation {unknown}
Potions
 b - 2 potions of magic
 c - 2 potions of curing
 g - a potion of mutation
 u - a potion of enlightenment {unknown}
 x - a potion of cancellation {unknown}
 B - a potion of brilliance {unknown}


   Skills:
 + Level 1.5 Fighting
 + Level 3.1 Maces & Flails
 + Level 3.7 Dodging
 + Level 3.5 Stealth
 + Level 2.1 Shields
 + Level 8.2 Spellcasting
 + Level 6.3 Conjurations
 + Level 8.8 Fire Magic


You had 16 spell levels left.
You knew the following spells:

 Your Spells              Type           Power      Damage    Failure   Level
a - Foxfire               Conj/Fire      100%       2x1d9     1%          1
b - Scorch                Fire           100%       2d9       1%          2
c - Flame Wave            Conj/Fire      57%        2d14      3%          4
d - Searing Ray           Conj           70%        2d7       1%          2

Your spell library contained the following spells:

 Spells                   Type           Power      Damage    Failure   Level
 Static Discharge         Conj/Air       42%        3-5/arc   3%          2
 Magic Dart               Conj           100%       1d8       1%          1
 Shock                    Conj/Air       84%        1d8       2%          1
 Momentum Strike          Conj/Tloc      42%        3d9       3%          2
 Inner Flame              Hex/Fire       40%        N/A       3%          3
 Volatile Blastmotes      Fire/Tloc      80%        2d16      3%          3
 Dazzling Flash           Conj/Hex       42%        N/A       6%          3
 Mephitic Cloud           Conj/Alch/Air  17%        N/A       10%         3
 Blink                    Tloc           16%        N/A       12%         2
 Lesser Beckoning         Tloc           16%        N/A       12%         2
 Fulminant Prism          Conj/Alch      10%        3d9       22%         4
 Iskenderun's Mystic Bla Conj/Tloc 21%            2d6        (+2d3     22%         4
 Call Canine Familiar     Summ           8%         N/A       24%         3
 Fugue of the Fallen      Necr           8%         N/A       24%         3
 Ozocubu's Armour         Ice            8%         N/A       24%         3
 Sigil of Binding         Hex            8%         N/A       24%         3
 Swiftness                Air            8%         N/A       24%         3
 Tukima's Dance           Hex            8%         N/A       24%         3
 Airstrike                Air            4%         2d(1-17)  61%         4
 Dimensional Bullseye     Hex/Tloc       4%         N/A       61%         4
 Passage of Golubria      Tloc           8%         N/A       61%         4
 Silence                  Hex/Air        4%         N/A       91%         5
 Haunt                    Necr/Summ      4%         N/A       100%        7
 Manifold Assault         Tloc           4%         N/A       100%        7
 Borgnjor's Revivificati  Necr           4%         N/A       100%        8
 Lehudib's Crystal Spear  Conj/Erth      10%        10d4      100%        8
 Death's Door             Necr           4%         N/A       100%        9


Dungeon Overview and Level Annotations

Branches:
Dungeon (8/15)             Temple (1/1) D:5
   Lair: D:8-11

Altars:
Ashenzari
Cheibriados
Dithmenos
Elyvilon
Fedhas
Hepliaklqana
Kikubaaqudgha
Makhleb
Nemelex Xobeh
Okawaru
Qazlal
Ru
Sif Muna
Trog
Uskayaw
Vehumet
Wu Jian
Xom
Yredelemnul
Zin
The Shining One

Shops:
D:5 :===?


Innate Abilities, Weirdness & Mutations

You are immune to sickness and miasma.
Your stone body is resilient. (AC +7)
You are immune to poison.
You resist negative energy. (rN+)
You are resistant to electric shocks. (rElec)
You are resistant to unholy torment.
You are immune to petrification.


Message History

The foxfire hits the boulder beetle but does no damage.
Unknown command.
Casting: Foxfire (safe; 1% risk of failure)
Confirm with . or Enter, or press ? or * to list all spells.
You feel a surge of power!
You conjure some foxfire!
Your foxfire dissipates!
Casting: Foxfire (safe; 1% risk of failure)
Confirm with . or Enter, or press ? or * to list all spells.
You feel a surge of power!
Flames lash the boulder beetle.
The boulder beetle is lightly wounded.
The boulder beetle's fire resistance burns away.
The foxfire hits the boulder beetle.
The boulder beetle is burned terribly!
The boulder beetle is lightly wounded.
The foxfire hits the boulder beetle.
The boulder beetle is burned terribly!
The boulder beetle is moderately wounded.
You hit the boulder beetle but do no damage.
The boulder beetle is moderately wounded.
The boulder beetle hits you!!!
Ouch! That really hurt!
* * * LOW HITPOINT WARNING * * *
The boulder beetle stops rolling and uncurls.
Unknown command.
You hit the boulder beetle but do no damage.
The boulder beetle is poisoned.
The boulder beetle is moderately wounded.
The boulder beetle bites you.
* * * LOW HITPOINT WARNING * * *
Unknown command.
You feel better. The boulder beetle bites you.
* * * LOW HITPOINT WARNING * * *
Okay, then.
Unknown command.
The boulder beetle attacks as it pursues you!
The boulder beetle bites you!
* * * LOW HITPOINT WARNING * * *
The boulder beetle is no longer more vulnerable to fire.
Okay, then.
You fade into invisibility!
The boulder beetle bites you.
You die...

#......#....
#......# ..#
#......# ..####
#......# #....#
#......# #.##.##
##..)...###.##..###
..).)...).........#
##......####......##
# ########
#....@B)### .#
#.......).# ))
#......##$#)#####
#......##.)....V.
###########......
+#.... ... .. .


You could see a boulder beetle (unable to see you, poisoned).

Vanquished Creatures
  Amaemon (D:8)
  An arcanist (D:8)
  An orange demon (D:8)
  Psyche (D:8)
  A vampire (D:8)
  2 water moccasins (D:7)
  An ice beast (D:6)
  3 orc warriors
  2 sky beasts
  A black bear (D:4)
  An ogre (D:3)
  3 bullfrogs
  2 kobold brigands
  2 scorpions
  6 killer bees (D:8)
  A howler monkey (D:6)
  7 orc priests
  3 hounds
  A bombardier beetle (D:5)
  A jelly (D:7)
  3 sleepcaps
  4 iguanas
  7 orc wizards
  2 gnolls (D:1)
  3 adders
  2 white imps
  A dart slug (D:4)
  2 ribbon worms
  40 orcs
  7 endoplasms
  3 giant cockroaches
  18 goblins
  8 hobgoblins
  22 kobolds
  3 quokkas
  7 ball pythons
  5 bats
  4 frilled lizards
  6 rats
188 creatures vanquished.

Vanquished Creatures (collateral kills)
  4 foxfires (D:3)
4 creatures vanquished.

Vanquished Creatures (others)
  508 foxfires
508 creatures vanquished.

Grand Total: 700 creatures vanquished

Notes
Turn   | Place    | Note
-------+----------+-------------------------------------------
     0 | D:1      | funkygono the Gargoyle Fire Elementalist began the quest
                  | for the Orb.
     0 | D:1      | Reached XP level 1. HP: 10/10 MP: 3/3
   231 | D:1      | Reached XP level 2. HP: 15/15 MP: 1/5
   234 | D:1      | Learned a level 2 spell: Scorch
   646 | D:1      | Reached XP level 3. HP: 19/19 MP: 1/6
  1842 | D:2      | Reached XP level 4. HP: 24/24 MP: 5/8
  1873 | D:2      | Learned a level 4 spell: Flame Wave
  2070 | D:2      | Found a faded altar of an unknown god.
  2177 | D:2      | Found a white marble altar of Elyvilon.
  2760 | D:3      | Reached XP level 5. HP: 28/28 MP: 5/9
  2860 | D:3      | Found a white marble altar of Elyvilon.
  3036 | D:3      | Noticed an ogre
  3151 | D:3      | Killed an ogre
  3292 | D:3      | Reached XP level 6. HP: 32/32 MP: 9/11
  3903 | D:4      | Reached skill level 1 in Maces & Flails
  4152 | D:4      | Reached XP level 7. HP: 30/37 MP: 4/13
  4262 | D:4      | Reached skill level 5 in Fire Magic
  4639 | D:4      | Found a sparkling altar of Nemelex Xobeh.
  4714 | D:5      | Entered Level 5 of the Dungeon
  4761 | D:5      | Found Plog's Book Emporium.
  4774 | D:5      | Bought a book of Conjurations for 200 gold pieces
  4777 | D:5      | Learned a level 2 spell: Searing Ray
  4856 | D:5      | Found a staircase to the Ecumenical Temple.
  4862 | Temple   | Entered the Ecumenical Temple
  4870 | Temple   | Became a worshipper of Vehumet
  5122 | D:5      | Found Folosim's Jewellery Shop.
  5128 | D:5      | Found Cirr's Jewellery Shop.
  5139 | D:5      | Reached skill level 1 in Fighting
  5402 | D:5      | Found Ozyam's Magic Scroll Shop.
  5407 | D:5      | Bought a scroll of identify for 24 gold pieces
  5590 | D:5      | Found Archeymp's Jewellery Emporium.
  5923 | D:6      | Reached XP level 8. HP: 43/43 MP: 6/15
  6296 | D:6      | Reached skill level 5 in Spellcasting
  6477 | D:6      | Reached * piety under Vehumet
  6477 | D:6      | Offered knowledge of Freeze by Vehumet.
  7184 | D:7      | Identified the ring "Pesiabus" {rElec rPois rC+ rN+++
                  | Dex-2}
  7556 | D:7      | Reached XP level 9. HP: 44/47 MP: 18/18
  7914 | D:7      | Reached skill level 5 in Conjurations
  7964 | D:7      | Offered knowledge of Kiss of Death by Vehumet.
  8096 | D:7      | Reached ** piety under Vehumet
  8363 | D:8      | Noticed Amaemon
  8367 | D:8      | Noticed an orange demon
  8386 | D:8      | Killed Amaemon
  8387 | D:8      | Reached skill level 1 in Shields
  8392 | D:8      | Killed an orange demon
  8578 | D:8      | Noticed Psyche
  8580 | D:8      | Reached XP level 10. HP: 44/52 MP: 21/21
  8580 | D:8      | Noticed an arcanist
  8583 | D:8      | Killed an arcanist
  8583 | D:8      | Offered knowledge of Static Discharge by Vehumet.
  8584 | D:8      | Killed Psyche
  8721 | D:8      | Noticed a boulder beetle
  8732 | D:8      | HP: 2/52 [boulder beetle (9)]
  8734 | D:8      | Slain by a boulder beetle

Illustrated notes

Levels and vault maps discovered:
D:1:      tarquinn_simple_flora_water_f, layout_basic
D:2:      layout_rooms, basic_altar, ebering_ecumenical_altar_sacrificial,
          minmay_hedge_maze
D:3:      layout_loops_ring, elyvilon_altar_1, minmay_ogre_servants
D:4:      layout_loops_ring, nemelex_diamond_rough_becter,
          hangedman_feature_mirror
D:5:      layout_loops_corners, minmay_temple_entry_fiery, serial_shops,
          nicolae_shop_tiny_real_fake_doors, nicolae_shop_advertising_works
          [nicolae_subvault_shop_adworks],
          nicolae_shop_temple_entry_statues_fountains, shop,
          nicolae_shop_gibbet_a_chance
D:6:      cheibrodos_thug_alley, layout_basic
D:7:      layout_loops_ring
D:8:      minmay_tri_box, layout_basic, grunt_gozag_breadcrumbs, uniq_grum,
          uniq_psyche, uniq_pikel, uniq_amaemon
Temple:   nicolae_temple_bog_church

Skill      XL: |  1  2  3  4  5  6  7  8  9 10 |
---------------+-------------------------------+-----
Fire Magic     | 4 5 6 8 |  8.8
Spellcasting   | 3 4 6 7 8 |  8.2
Conjurations   | 2 3 4 5 6 |  6.3
Dodging        | 2 3 |  3.7
Maces & Flails | 1 2 3 |  3.1
Fighting       | 1 |  1.5
Stealth        | 3 |  3.5
Shields        | 1 2 |  2.1

Action                     |  1- 3 |  4- 6 |  7- 9 | 10-12 || total
---------------------------+-------+-------+-------+-------++-------
  Melee: Club              |     9 |       |       |       ||     9
         Whip              |       |    67 |    13 |       ||    80
         Mace              |       |       |    31 |     2 ||    33
         Demon whip        |       |       |     3 |     3 ||     6
   Cast: Foxfire           |    52 |    78 |   153 |    12 ||   295
         Scorch            |     6 |    14 |    50 |     3 ||    73
         Flame Wave        |       |       |     3 |     2 ||     5
    Use: Scroll            |       |       |     4 |       ||     4
         Potion            |       |       |       |     2 ||     2
 Armour: Robe              |    10 |    60 |    57 |     9 ||   136
  Dodge: Dodged            |     7 |    54 |    57 |     1 ||   119
  Block: Other             |       |       |    20 |     1 ||    21

Table legend: (Time is in decaauts)
 A = Elapsed time spent in this place.
 B = Non-inter-level travel time spent in this place.
 C = Inter-level travel time spent in this place.
 D = Time resting spent in this place.
 E = Time spent auto-exploring this place.
 F = Levels seen in this place.
 G = Mean time per level.
                   A        B        C        D        E       F      G
               +--------+--------+--------+--------+--------+-----+--------+
         Total |   8755 |   8489 |    266 |    597 |   6509 |   9 |  972.8 |
       Dungeon |   8738 |   8481 |    257 |    597 |   6509 |   8 | 1092.2 |
        Temple |     16 |      8 |      8 |      0 |      0 |   1 |   16.0 |
               +--------+--------+--------+--------+--------+-----+--------+

Top non-repeatable levels by time:
     D:1: 1823 daAuts
     D:3: 1395 daAuts
     D:6: 1379 daAuts
     D:7: 1114 daAuts
     D:5: 1081 daAuts
     D:4: 964 daAuts
     D:2: 535 daAuts
     D:8: 443 daAuts
  Temple: 16 daAuts
